[Event "Team 45 45 League T63"]
[Site "Internet Chess Club"]
[Date "2014.12.07"]
[Round "2"]
[White "Chess-Boy"]
[Black "gyu123987kool"]
[Result "0-1"]
[WhiteElo "1642"]
[BlackElo "1764"]
[Opening "Giuoco Piano"]
[ECO "C54"]
[Time "00:15:09"]
[TimeControl "2700+45"]

1. e4 e5 2. Nf3 Nc6 3. Bc4 Bc5 4. c3 Nf6 5. d3 O-O 6. O-O d6 7. a4 a5 8. Be3 Ba7
9. Nbd2 Bg4 10. Re1 d5 11. Ba2 h6 12. Qc2 d4 13. cxd4 exd4 14. Bf4 Rc8 15. Ne5
Nb4 16. Qb1 Nh5 17. Bxh6 gxh6 18. Nxg4 Qg5 19. Qd1 Nxd3 20. h4 Qxh4 21. Nxh6+
Kh7 22. Rf1 Kxh6 23. Nf3 Qg4 {White resigns} 0-1

[Event "Team 45 45 League T63"]
[Site "Internet Chess Club"]
[Date "2014.12.04"]
[Round "2"]
[White "rl154"]
[Black "CaptK"]
[Result "0-1"]
[WhiteElo "1634"]
[BlackElo "1753"]
[Opening "French: Tarrasch, closed variation"]
[ECO "C05"]
[Time "19:00:35"]
[TimeControl "2700+45"]

1. e4 e6 2. d4 d5 3. Nd2 Nf6 4. e5 Nfd7 5. Ngf3 c5 6. Bb5 Nc6 7. c3 Qb6 8. Bxc6
bxc6 9. O-O cxd4 10. cxd4 f6 11. Qe2 Ba6 12. Qe3 Bxf1 13. exf6 c5 14. Kxf1 gxf6
15. Nb3 c4 16. Nbd2 Qa6 17. Kg1 Rc8 18. Qe2 Qb6 19. Nf1 h5 20. Bf4 Bh6 21. Bxh6
Rxh6 22. Re1 Nf8 23. Ng3 Kd7 24. Qe3 Rh7 25. Qe2 h4 26. Nf1 Rb8 27. Rb1 Qa5 28.
a3 c3 29. Qc2 cxb2 30. Rxb2 Rxb2 31. Qxb2 Qb6 32. Qd2 Ng6 33. Qd3 Rg7 34. h3 Nf4
35. Qe3 Nxg2 {White resigns} 0-1

[Event "Team 45 45 League T63"]
[Site "Internet Chess Club"]
[Date "2014.12.07"]
[Round "2"]
[White "Lachesis"]
[Black "chessnow"]
[Result "1-0"]
[WhiteElo "1511"]
[BlackElo "1680"]
[Opening "Grünfeld: 4.Bf4"]
[ECO "D82"]
[Time "11:35:50"]
[TimeControl "2700+45"]

1. d4 Nf6 2. c4 g6 3. Nc3 d5 4. Bf4 c6 5. e3 Bg7 6. h3 O-O 7. Nf3 Bf5 8. Qb3 b6
9. Be2 dxc4 10. Qxc4 Be6 11. Qa4 b5 12. Qc2 Qd7 13. O-O Na6 14. a3 Nc7 15. Ne5
Qe8 16. Rfc1 Rc8 17. Qd1 Ncd5 18. Nxd5 Bxd5 19. Bf3 e6 20. Bh2 Bxf3 21. Qxf3 Nd5
22. Qd1 f6 23. Nd3 e5 24. e4 Nb6 25. dxe5 fxe5 26. b3 a5 27. a4 b4 28. Rc5 Ra8
29. Rac1 Nd7 30. Rxc6 Rf6 31. Rxf6 Bxf6 32. Rc6 Rc8 33. Rxc8 Qxc8 34. Nxe5 Nxe5
35. Bxe5 Bxe5 36. Qd5+ Kf8 37. Qxe5 Qc3 38. Qd6+ Kf7 39. Qd7+ Kg8 40. Qe6+ Kg7
41. Kh2 Qc7+ 42. g3 Qc5 43. Kg2 Qc7 44. e5 Qb7+ 45. Kg1 Qe4 46. Qf6+ Kg8 47. e6
Qb1+ 48. Kh2 Qf5 49. Qxf5 gxf5 50. f4 Kf8 51. g4 fxg4 52. hxg4 Ke7 53. f5 Kf6
54. Kg3 h6 55. Kf4 Ke7 56. Ke5 Ke8 57. f6 Kf8 58. e7+ Kf7 59. Kf5 h5 60. gxh5
Ke8 61. h6 Kf7 62. h7 Ke8 63. h8=Q+ Kd7 64. e8=Q+ Kc7 65. Qb5 Kd6 66. Qhb8#
{Black checkmated} 1-0

[Event "Team 45 45 League T63"]
[Site "Internet Chess Club"]
[Date "2014.12.07"]
[Round "2"]
[White "SaltofLife"]
[Black "AVEMARIA"]
[Result "1-0"]
[WhiteElo "1965"]
[BlackElo "1656"]
[Opening "QGD Slav: 5.e3 (Alekhine variation)"]
[ECO "D15"]
[Time "15:01:05"]
[TimeControl "2700+45"]

1. d4 d5 2. Nf3 Nf6 3. c4 c6 4. Nc3 dxc4 5. e3 Bg4 6. Bxc4 e6 7. h3 Bh5 8. O-O
Be7 9. g4 Bg6 10. Ne5 Nbd7 11. Nxg6 hxg6 12. Qf3 Nb6 13. Bb3 Qd7 14. Rd1 Rd8 15.
e4 Nh7 16. Qg3 Ng5 17. Bxg5 Bxg5 18. d5 cxd5 19. exd5 Qd6 20. Qxd6 Rxd6 21. Ne4
{Black resigns} 1-0

[Event "Team 45 45 League T63"]
[Site "Internet Chess Club"]
[Date "2014.12.06"]
[Round "2"]
[White "Egmont"]
[Black "parrot9"]
[Result "1-0"]
[WhiteElo "1748"]
[BlackElo "1686"]
[Opening "Queen's pawn, Mason variation"]
[ECO "D00"]
[Time "11:00:31"]
[TimeControl "2700+45"]

1. d4 d5 2. Bf4 e6 3. Nf3 Nf6 4. e3 Nbd7 5. Nbd2 a6 6. Be2 Be7 7. h3 O-O 8. O-O
c5 9. c3 b5 10. a4 b4 11. cxb4 cxb4 12. Rc1 Ra7 13. Qb3 Ne4 14. Rc2 Bd6 15. Bxd6
Nxd6 16. Qxb4 Nf6 17. Rfc1 a5 18. Qa3 Bb7 19. Ne5 Ra8 20. Rc7 Rc8 21. Rxc8 Nxc8
22. Qb3 Nd6 23. Bd3 Qa8 24. f3 Rc8 25. Rxc8+ Qxc8 26. Qc2 Qd8 27. Nb3 Qb6 28.
Qc3 Nf5 29. Bxf5 exf5 30. Nxa5 Ba6 31. b4 g6 32. b5 Bxb5 33. axb5 Qxb5 34. Nac6
Nh5 35. Qb4 Qe2 36. Ne7+ Kg7 37. Nxd5 Ng3 38. Qb1 h5 39. Nd3 h4 40. N3f4 Qc4 41.
Qa1 g5 42. Nb6 Qc7 43. Nfd5 Ne2+ 44. Kf2 Qc2 45. Nb4 Qd2 46. d5+ Kg6 47. Qe1 Qb2
48. Qxe2 Qxb4 49. Nc4 Qb8 50. d6 g4 51. hxg4 fxg4 52. fxg4 Kg5 53. Qf3 {Black
resigns} 1-0

[Event "Team 45 45 League T63"]
[Site "Internet Chess Club"]
[Date "2014.12.06"]
[Round "2"]
[White "Invicta-Knight"]
[Black "Kingofknights"]
[Result "1-0"]
[WhiteElo "1544"]
[BlackElo "1682"]
[Opening "Caro-Kann: Steinitz variation"]
[ECO "B17"]
[Time "15:09:16"]
[TimeControl "2700+45"]

1. e4 c6 2. d4 d5 3. Nc3 dxe4 4. Nxe4 Nd7 5. Nf3 Ngf6 6. Bd3 Nxe4 7. Bxe4 Nf6 8.
Qd3 Nxe4 9. Qxe4 g6 10. Bg5 Bg7 11. O-O-O Bf5 12. Qe3 Qd6 13. Rhe1 e6 14. h3 h5
15. Nh4 O-O 16. Nxf5 exf5 17. Be7 Qd5 18. Bxf8 Rxf8 19. Kb1 Qxg2 20. Rg1 Qd5 21.
Qb3 Qd7 22. Rxg6 Kh7 23. Rg5 Kh6 24. Qg3 Bf6 25. Rg8 Rxg8 26. Qxg8 Bg7 27. Qb8
Bf6 28. Qf4+ Bg5 29. Qe5 f6 30. Qc5 b6 31. Qf8+ Kh7 32. Re1 {Black resigns} 1-0

[Event "Team 45 45 League T63"]
[Site "Internet Chess Club"]
[Date "2014.12.04"]
[Round "2"]
[White "tightfist"]
[Black "Visin"]
[Result "1/2-1/2"]
[WhiteElo "1615"]
[BlackElo "1251"]
[Opening "Dunst (Sleipner,Heinrichsen) opening"]
[ECO "A00"]
[Time "14:00:18"]
[TimeControl "2700+45"]

1. Nc3 e5 2. d4 exd4 3. Qxd4 Nc6 4. Qd3 Nf6 5. e4 d6 6. Nf3 Be7 7. Be2 O-O 8.
O-O Ne5 9. Nd5 Nxd3 10. Nxe7+ Qxe7 11. cxd3 Bg4 12. Bg5 Bxf3 13. Bxf3 c6 14.
Rfe1 h6 15. Bf4 Qd7 16. d4 Rfe8 17. Rad1 d5 18. e5 Nh7 19. h3 Qe7 20. Re2 Ng5
21. Bg4 Ne6 22. Bh2 Qb4 23. a3 Qb6 24. Red2 Qd8 25. b4 f6 26. f4 fxe5 27. dxe5
g6 28. Kh1 h5 29. Be2 Rf8 30. Rf1 Rf7 31. Bd3 Kg7 32. Rdf2 Qe7 33. g3 Raf8 34.
Kg2 Nd4 35. Bg1 Nf5 36. Rb2 b6 37. a4 Nh6 38. a5 g5 39. axb6 axb6 40. Bxb6 Qe6
41. Bc5 Re8 42. fxg5 Rxf1 43. gxh6+ Kxh6 44. Be3+ Kg7 45. Bxf1 Qxe5 46. Re2 Qe4+
47. Kh2 Qxe3 48. Rxe3 Rxe3 49. b5 cxb5 50. Bxb5 d4 51. Kg2 Kf6 52. Kf2 Re5 53.
Bd3 Kg5 54. Be2 Re3 55. h4+ Kg6 56. Bb5 Ra3 57. Be8+ Kh6 58. Bb5 d3 59. Bc4 d2
60. Be2 Ra7 61. Bd1 Ra3 62. Bc2 Rc3 63. Bd1 Rc1 64. Ke2 Rc3 65. Kf2 Rc7 66. Ke2
Rg7 67. Kf2 Rf7+ 68. Ke2 Rd7 69. Bc2 Kg7 70. Bd3 Kf6 71. Kxd2 Ke5 {Game drawn by
mutual agreement} 1/2-1/2

[Event "Team 45 45 League T63"]
[Site "Internet Chess Club"]
[Date "2014.12.05"]
[Round "2"]
[White "nidusin2"]
[Black "fishhead"]
[Result "0-1"]
[WhiteElo "1593"]
[BlackElo "1847"]
[Opening "King's Indian: 5.Nf3"]
[ECO "E90"]
[Time "19:07:56"]
[TimeControl "2700+45"]

1. d4 Nf6 2. Nf3 g6 3. c4 Bg7 4. Nc3 d6 5. e4 c6 6. Bd3 Qc7 7. h3 Nbd7 8. Be3
O-O 9. O-O h6 10. Qd2 Kh7 11. Rac1 e5 12. d5 c5 13. Nb5 Qb8 14. b4 a6 15. Na3
Qc7 16. Nc2 b6 17. a4 g5 18. a5 bxa5 19. bxa5 Rg8 20. Nh2 Nf8 21. f4 gxf4 22.
Bxf4 Ng6 23. Be3 Nh5 24. g4 Nhf4 25. Bxf4 Nxf4 26. Rf3 Qe7 27. Qf2 Rb8 28. Bf1
Rb2 29. Qe1 h5 30. Ne3 Bf6 31. Nf5 Bxf5 32. exf5 Bh4 33. Qc3 Rxh2 34. Kxh2 Qg5
35. Rc2 hxg4 36. hxg4 Qxg4 37. Rxf4 Qxf4+ 38. Kh1 Qxf1+ 39. Kh2 Bg3+ 40. Qxg3
Rxg3 41. Kxg3 Qf4+ {White resigns} 0-1

[Event "Team 45 45 League T63"]
[Site "Internet Chess Club"]
[Date "2014.12.06"]
[Round "2"]
[White "no2"]
[Black "fireball"]
[Result "1-0"]
[WhiteElo "1696"]
[BlackElo "1629"]
[Opening "King's Indian: Petrosian system, Stein variation"]
[ECO "E92"]
[Time "12:03:50"]
[TimeControl "2700+45"]

1. d4 Nf6 2. c4 g6 3. Nc3 Bg7 4. e4 d6 5. Nf3 O-O 6. Be2 e5 7. d5 a5 8. O-O Na6
9. h3 Nc5 10. Qc2 Ne8 11. Be3 f5 12. Bg5 Nf6 13. Bd3 f4 14. Bxf6 Bxf6 15. Nd2 g5
16. f3 h5 17. Kf2 g4 18. hxg4 hxg4 19. Rh1 Rf7 20. Rh5 Bh4+ 21. Ke2 Rh7 22. Rxh7
Kxh7 23. Rh1 Kg6 24. Kd1 Qg5 25. Kc1 Bd7 26. Be2 Bf2 27. Nd1 Bd4 28. fxg4 Bxg4
29. Bxg4 Qxg4 30. Nf3 Rg8 31. Nxd4 exd4 32. Nf2 Qxg2 33. Qd2 Nxe4 34. Qxf4 Nxf2
35. Rh6+ Kg7 36. Qf6# {Black checkmated} 1-0

[Event "Team 45 45 League T63"]
[Site "Internet Chess Club"]
[Date "2014.12.05"]
[Round "2"]
[White "Skeptic1972"]
[Black "lilith"]
[Result "1-0"]
[WhiteElo "1572"]
[BlackElo "1400"]
[Opening "King's pawn game"]
[ECO "C50"]
[Time "03:03:35"]
[TimeControl "2700+45"]

1. e4 e5 2. Nf3 Nc6 3. Bc4 h6 4. O-O Nf6 5. Re1 Bc5 6. c3 O-O 7. d4 Bd6 8. a3 a6
9. Nbd2 b6 10. Nf1 Re8 11. Ng3 exd4 12. cxd4 Bxg3 13. fxg3 Rxe4 14. Rxe4 Nxe4
15. Bf4 d5 16. Qc2 Ne7 17. Bd3 Nd6 18. Rc1 c6 19. Ne5 Bf5 20. Nxc6 Bxd3 21.
Nxe7+ Qxe7 22. Qxd3 Nc4 23. Qc3 Qe2 24. b4 Re8 25. a4 Ne3 26. Bxe3 Qxe3+ 27.
Qxe3 Rxe3 28. Rc6 Re6 29. Rc8+ Kh7 30. Ra8 Re4 31. Rxa6 Rxd4 32. Rxb6 f6 33. a5
Rc4 34. a6 Rc8 35. a7 Ra8 36. Ra6 d4 37. Kf2 Kg6 38. Ke2 Kf5 39. Kd3 Ke5 40.
Ra5+ Kd6 41. Kxd4 Kc6 42. Kc4 Kb6 43. Rb5+ Kxa7 44. Ra5+ Kb7 45. Rxa8 Kxa8 46.
Kd5 Kb7 47. Ke6 Kb6 48. Kf7 {Black resigns} 1-0

[Event "Team 45 45 League T63"]
[Site "Internet Chess Club"]
[Date "2014.12.06"]
[Round "2"]
[White "arconia"]
[Black "Insan996"]
[Result "1-0"]
[WhiteElo "1300"]
[BlackElo "1532"]
[Opening "Caro-Kann defense"]
[ECO "B10"]
[Time "10:13:02"]
[TimeControl "2700+45"]

1. e4 c6 2. Nf3 d5 3. e5 Bf5 4. Be2 e6 5. d4 Ne7 6. O-O Nd7 7. h3 c5 8. c3 Nc6
9. Nh2 Be7 10. Bg4 Bxg4 11. Nxg4 Qb6 12. a4 a5 13. Ra3 cxd4 14. Rb3 Qa7 15. Na3
Bxa3 16. bxa3 dxc3 17. Rxc3 Ndxe5 18. Nxe5 Nxe5 19. Be3 Qa6 20. Bd4 f6 21. Bxe5
fxe5 22. Qh5+ g6 23. Qh6 Kd7 24. Qg7+ Kd6 25. Qc7# {Black checkmated} 1-0

[Event "Team 45 45 League T63"]
[Site "Internet Chess Club"]
[Date "2014.12.04"]
[Round "2"]
[White "tammany"]
[Black "smyslovVchess"]
[Result "1-0"]
[WhiteElo "1756"]
[BlackElo "1626"]
[Opening "Queen's Indian: 4.e3"]
[ECO "E14"]
[Time "09:00:23"]
[TimeControl "2700+45"]

1. d4 Nf6 2. c4 e6 3. Nf3 b6 4. e3 Bb7 5. Bd3 Ne4 6. O-O Be7 7. Nbd2 Nxd2 8.
Nxd2 O-O 9. e4 d6 10. f4 Nd7 11. e5 c5 12. d5 dxe5 13. fxe5 Nxe5 14. Bxh7+ Kxh7
15. Qh5+ Kg8 16. Qxe5 Bf6 17. Qh5 exd5 18. Rf3 g6 19. Qg4 d4 20. Ne4 Bg7 21. Bg5
Bc8 22. Qh4 f6 23. Nxf6+ Bxf6 24. Bxf6 Rxf6 25. Qxf6 Qxf6 26. Rxf6 Kg7 27. Raf1
Bf5 28. Rc6 Rd8 29. Rc7+ Kh6 30. h3 d3 31. g4 Be6 32. b3 Kg5 33. Re7 Rd6 34.
Rxa7 d2 35. Rd1 b5 36. cxb5 c4 37. bxc4 Bxc4 38. Kf2 Kh4 39. Ra3 Bxb5 40. Ke3
Kxh3 41. g5 Kg4 42. Rxd2 Re6+ 43. Kf2 Re4 44. Ra5 Rf4+ 45. Ke3 Rf3+ 46. Kd4 Bd7
47. Rg2+ Kh3 48. Rg1 Bf5 49. Ra1 Rd3+ 50. Ke5 Re3+ 51. Kd4 Re4+ 52. Kc5 Kh4 53.
Rg1 Rg4 54. Rxg4+ Kxg4 55. Kd4 Kxg5 56. Rc5 Kf4 57. a4 g5 58. Rxf5+ Kxf5 59. a5
g4 60. a6 Kf4 61. a7 Kf3 62. a8=Q+ Kf2 63. Qf8+ Kg2 64. Qf4 g3 65. Ke3 Kh3 66.
Kf3 {Black resigns} 1-0

[Event "Team 45 45 League T63"]
[Site "Internet Chess Club"]
[Date "2014.12.06"]
[Round "2"]
[White "hudson"]
[Black "Constrictor"]
[Result "0-1"]
[WhiteElo "1646"]
[BlackElo "1690"]
[Opening "Caro-Kann: classical, 6.h4"]
[ECO "B18"]
[Time "15:01:56"]
[TimeControl "2700+45"]

1. e4 c6 2. d4 d5 3. Nc3 dxe4 4. Nxe4 Bf5 5. Ng3 Bg6 6. h4 h6 7. h5 Bh7 8. Nf3
Nd7 9. Bd3 Bxd3 10. Qxd3 Qc7 11. Bd2 Ngf6 12. O-O-O e6 13. Kb1 O-O-O 14. Ne4
Nxe4 15. Qxe4 Nf6 16. Qe2 Rd5 17. c4 Rd7 18. g3 a5 19. Qe1 b6 20. c5 bxc5 21.
Bxa5 Qa7 22. Bc3 cxd4 23. Nxd4 Qa4 24. Qe2 Nd5 25. Qf3 Bc5 26. Nb3 Nxc3+ 27.
Qxc3 Qe4+ 28. Ka1 Bxf2 29. Rc1 Rhd8 30. Qa5 Qxh1 31. Qa6+ Kc7 32. Qa5+ Bb6 33.
Qe5+ Kc8 34. Rxh1 Rd1+ 35. Nc1 Rxh1 36. Qc3 Kb7 37. a3 Rdd1 38. Ka2 Rxc1 39. Qf3
Rhf1 40. Qg4 Rf2 41. Qxg7 Rcc2 42. Qf8 Rxb2+ 43. Ka1 Rbe2 44. Qe7+ Ka6 {White
resigns} 0-1

[Event "Team 45 45 League T63"]
[Site "Internet Chess Club"]
[Date "2014.12.07"]
[Round "2"]
[White "Hal2001"]
[Black "alexine"]
[Result "1-0"]
[WhiteElo "1549"]
[BlackElo "1518"]
[Opening "Scotch gambit"]
[ECO "C44"]
[Time "09:07:39"]
[TimeControl "2700+45"]

1. e4 e5 2. Nf3 Nc6 3. d4 exd4 4. Bc4 Bb4+ 5. c3 dxc3 6. bxc3 Be7 7. Qd5 Nh6 8.
Bxh6 O-O 9. Be3 d6 10. O-O Be6 11. Qd3 Bg4 12. Nbd2 Kh8 13. e5 f5 14. exd6 Bxd6
15. Qc2 Qf6 16. Be2 Rae8 17. Rae1 f4 18. Bd4 Qh6 19. Bd3 Ne7 20. Be5 Bc5 21. Bd4
Bd6 22. Re2 Nf5 23. Rxe8 Rxe8 24. Bxf5 Bxf5 25. Qxf5 c5 26. Qd7 {Black resigns}
1-0

[Event "Team 45 45 League T63"]
[Site "Internet Chess Club"]
[Date "2014.12.06"]
[Round "2"]
[White "BrianWood"]
[Black "Gilguli"]
[Result "0-1"]
[WhiteElo "1454"]
[BlackElo "1478"]
[Opening "Queen's pawn game, Darooha variation "]
[ECO "D02"]
[Time "14:30:50"]
[TimeControl "2700+45"]

1. d4 d5 2. Nf3 Nf6 3. g3 Nc6 4. Bg2 Bg4 5. O-O Qd7 6. Nbd2 O-O-O 7. Ne5 Nxe5 8.
dxe5 Ne8 9. Nf3 g6 10. Qd4 c5 11. Qxc5+ Kb8 12. Nd4 e6 13. Qb5 Qxb5 14. Nxb5
Bxe2 {White resigns} 0-1

[Event "Team 45 45 League T63"]
[Site "Internet Chess Club"]
[Date "2014.12.04"]
[Round "2"]
[White "CuatroPrincesas"]
[Black "Geeloo"]
[Result "1-0"]
[WhiteElo "2199"]
[BlackElo "1896"]
[Opening "Scotch game"]
[ECO "C45"]
[Time "16:00:10"]
[TimeControl "2700+45"]

1. e4 e5 2. Nf3 Nc6 3. d4 exd4 4. Nxd4 Bb4+ 5. Nc3 Nf6 6. Nxc6 bxc6 7. Bd3 h6 8.
O-O O-O 9. e5 Bxc3 10. bxc3 Nd5 11. Qh5 f5 12. Bxf5 Qe8 13. Bg6 Qe6 14. f4 Ba6
15. Rf2 Nf6 16. Qf5 Qd5 17. Ba3 {Black resigns} 1-0

[Event "Team 45 45 League T63"]
[Site "Internet Chess Club"]
[Date "2014.12.08"]
[Round "2"]
[White "TerryMalloy"]
[Black "SlimeDog2"]
[Result "0-1"]
[WhiteElo "1844"]
[BlackElo "2052"]
[Opening "KGA: Becker defense"]
[ECO "C34"]
[Time "21:15:11"]
[TimeControl "2700+45"]

1. e4 e5 2. f4 exf4 3. Nf3 h6 4. Bc4 d6 5. d4 g5 6. h4 Bg7 7. c3 Nc6 8. O-O Bg4
9. Qb3 Qd7 10. Qxb7 Rb8 11. Qa6 Bxf3 12. Rxf3 Rb6 13. Qa4 Nge7 14. Nd2 O-O 15.
Rf1 Qg4 16. Nf3 Ng6 17. hxg5 hxg5 18. Bd2 Qh5 19. Qd1 Rxb2 20. Bb3 g4 21. Qc1
Rxb3 22. axb3 gxf3 {White resigns} 0-1

[Event "Team 45 45 League T63"]
[Site "Internet Chess Club"]
[Date "2014.12.07"]
[Round "2"]
[White "jt2000"]
[Black "fledermaus"]
[Result "1-0"]
[WhiteElo "2051"]
[BlackElo "1871"]
[Opening "Sicilian defense"]
[ECO "B40"]
[Time "17:12:43"]
[TimeControl "2700+45"]

1. e4 c5 2. Nf3 e6 3. Nc3 d6 4. d4 cxd4 5. Nxd4 Be7 6. Be3 Nf6 7. g4 h6 8. f4
Nc6 9. Rg1 d5 10. e5 Nd7 11. Nf3 d4 12. Nxd4 Bh4+ 13. Ke2 g5 14. Ne4 gxf4 15.
Nd6+ Kf8 16. Nxc6 bxc6 17. Bxf4 Ba6+ 18. c4 Qb6 19. Rg2 Qxb2+ 20. Ke3 Qc3+ 21.
Bd3 Nxe5 22. Rc2 Qxd3+ 23. Qxd3 Nxd3 24. Kxd3 Rd8 25. Ke4 Bf6 26. Rf1 Kg7 27.
Nxf7 Rd4+ 28. Ke3 Rxf4 29. Rxf4 Rf8 30. Rxf6 Kxf6 31. Rf2+ Kg7 32. Nd6 Rxf2 33.
Kxf2 Kf6 34. Ke3 h5 35. gxh5 Kg5 36. Kd4 Kxh5 37. Ke5 Kg4 38. Kxe6 Kh3 39. Kd7
Kxh2 40. Kxc6 Kg3 41. Kc7 Kf4 42. Kb8 Ke5 43. Kxa7 Kxd6 44. Kxa6 Kc5 45. a4 Kxc4
46. Kb6 {Black resigns} 1-0

[Event "Team 45 45 League T63"]
[Site "Internet Chess Club"]
[Date "2014.12.08"]
[Round "2"]
[White "SaltofLife"]
[Black "Portola"]
[Result "1-0"]
[WhiteElo "1975"]
[BlackElo "1824"]
[Opening "French: King's Indian attack"]
[ECO "C00"]
[Time "07:08:05"]
[TimeControl "2700+45"]

1. e4 e6 2. d3 d5 3. Qe2 Be7 4. Nf3 Nf6 5. g3 c5 6. Bg2 b5 7. exd5 exd5 8. c4
bxc4 9. dxc4 Bb7 10. Ne5 Qb6 11. O-O O-O 12. Re1 Re8 13. cxd5 Nxd5 14. Nxf7 Nd7
15. Nh6+ Kf8 16. Qh5 Qg6 17. Qxg6 hxg6 18. Ng4 Bf6 19. Rd1 Bd4 20. Ne3 N7b6 21.
Nxd5 Bxd5 22. Nc3 Bxg2 23. Kxg2 a6 24. Rb1 Rad8 25. Bf4 Nd5 26. Nxd5 Rxd5 27. b4
g5 28. Be3 Rde5 29. Bxd4 cxd4 30. Rxd4 Re2 31. a4 Ra2 32. b5 axb5 33. axb5 Ree2
34. b6 Rxf2+ 35. Kh3 Rxh2+ 36. Kg4 Rab2 37. Rb4 Rbg2 38. b7 Rh4+ 39. Kxg5 Rxb4
40. Rxb4 Rxg3+ 41. Kf4 {Black resigns} 1-0

[Event "Team 45 45 League T63"]
[Site "Internet Chess Club"]
[Date "2014.12.07"]
[Round "2"]
[White "alexfer"]
[Black "RobertStephen"]
[Result "0-1"]
[WhiteElo "1988"]
[BlackElo "1994"]
[Opening "Nimzo-Indian: classical, Pirc variation"]
[ECO "E39"]
[Time "16:06:58"]
[TimeControl "2700+45"]

1. d4 Nf6 2. c4 e6 3. Nc3 Bb4 4. Qc2 c5 5. dxc5 O-O 6. Nf3 Na6 7. a3 Bxc3+ 8.
Qxc3 Nxc5 9. e3 d5 10. Be2 Nfe4 11. Qc2 dxc4 12. Qxc4 b6 13. b4 Ba6 14. Qc2 Bd3
15. Bxd3 Nxd3+ 16. Ke2 Rc8 17. Qxd3 Qxd3+ 18. Kxd3 Nxf2+ 19. Ke2 Nxh1 20. Bd2
Rc2 21. Rxh1 Ra2 22. Rc1 Rxa3 23. Rc7 Rd8 24. Ne5 Ra2 25. Nf3 h6 26. g3 a5 27.
bxa5 bxa5 28. Ra7 e5 29. Ke1 a4 30. Ba5 Rb8 31. Nd2 Rbb2 32. Bc3 Rc2 33. Rc7
Rc1+ 34. Ke2 e4 35. Rc4 a3 36. Rc8+ Kh7 37. Rc7 f6 38. h4 Rac2 39. Ra7 Rxc3 40.
Nxe4 R3c2+ 41. Kd3 a2 42. Nxf6+ Kg6 43. Nd5 Rb2 44. Nf4+ Kh7 45. Ne6 a1=Q 46.
Rxg7+ Kh8 {White resigns} 0-1

[Event "Team 45 45 League T63"]
[Site "Internet Chess Club"]
[Date "2014.12.07"]
[Round "2"]
[White "jjimalo"]
[Black "spand42"]
[Result "0-1"]
[WhiteElo "1848"]
[BlackElo "1885"]
[Opening "Sicilian: closed, 6.f4"]
[ECO "B25"]
[Time "10:59:58"]
[TimeControl "2700+45"]

1. e4 c5 2. Nc3 Nc6 3. g3 g6 4. Bg2 Bg7 5. d3 d6 6. f4 Nf6 7. Nf3 O-O 8. O-O Rb8
9. h3 b5 10. g4 b4 11. Ne2 a5 12. Be3 Ba6 13. f5 c4 14. Nf4 cxd3 15. cxd3 Nd7
16. Rf2 Nce5 17. Rd2 Rc8 18. Rc1 Rxc1 19. Qxc1 Qc8 20. Rc2 Qb8 21. d4 Nxf3+ 22.
Bxf3 Rc8 23. Nd5 Kf8 24. Bh6 Rxc2 25. Bxg7+ Kxg7 26. Qxc2 Qb5 27. Qf2 Kf8 28.
Nc7 Qc4 29. Nxa6 Qxa6 30. Qc2 Qa7 31. Qf2 Qc7 32. Qd2 Kg7 33. Be2 d5 34. e5 f6
35. exf6+ Nxf6 36. Qe3 gxf5 37. gxf5 Ne4 38. Bd3 Kf6 39. Qh6+ Kxf5 40. Qxh7+ Kf4
41. Qh6+ Kf3 42. Qh5+ Ke3 43. Qe2+ Kxd4 44. Bxe4 Qc1+ 45. Kg2 dxe4 46. h4 Qe3
47. Qxe3+ Kxe3 48. h5 Kd2 49. h6 e3 50. h7 e2 51. h8=Q e1=Q 52. Qd8+ Kc2 53.
Qxa5 Kxb2 54. a4 Qe2+ 55. Kg3 b3 56. Qb4 Ka2 57. a5 Qd3+ 58. Kf2 b2 59. Qa4+ Qa3
60. Qc4+ Qb3 61. Qe2 e5 62. a6 e4 63. Ke1 Qc3+ 64. Kf2 e3+ 65. Kf3 Qf6+ 66. Ke4
Ka1 67. a7 b1=Q+ {White resigns} 0-1

[Event "Team 45 45 League T63"]
[Site "Internet Chess Club"]
[Date "2014.12.07"]
[Round "2"]
[White "willhelm"]
[Black "laurenpar"]
[Result "1/2-1/2"]
[WhiteElo "1951"]
[BlackElo "1962"]
[Opening "QGD: Orthodox defense, 7.Rc1"]
[ECO "D63"]
[Time "06:31:21"]
[TimeControl "2700+45"]

1. d4 e6 2. Nf3 d5 3. c4 Nf6 4. Nc3 Be7 5. Bg5 Nbd7 6. e3 O-O 7. Rc1 h6 8. Bh4
c6 9. Bd3 b6 10. O-O Ba6 11. cxd5 Bxd3 12. Qxd3 cxd5 13. Rc2 Qb8 14. Rfc1 a6 15.
Ne2 Bd6 16. Bg3 Bxg3 17. hxg3 Rd8 18. Qa3 Ne8 19. Nf4 Qb7 20. Nd3 Rdc8 21. Nfe5
Nxe5 22. Nxe5 f6 23. Ng6 Kf7 24. Nh8+ Kg8 25. Ng6 Kf7 26. Nh8+ Kg8 27. Ng6 Kf7
{Game drawn by repetition} 1/2-1/2

[Event "Team 45 45 League T63"]
[Site "Internet Chess Club"]
[Date "2014.12.07"]
[Round "2"]
[White "room-matt"]
[Black "SlimeDog2"]
[Result "1-0"]
[WhiteElo "1918"]
[BlackElo "2026"]
[Opening "Bishop's opening: Berlin defense"]
[ECO "C24"]
[Time "15:09:28"]
[TimeControl "2700+45"]

1. e4 e5 2. Bc4 Nf6 3. d3 c6 4. Nf3 d5 5. Bb3 a5 6. a3 a4 7. Ba2 Bd6 8. Nc3 dxe4
9. Ng5 O-O 10. Ngxe4 Nxe4 11. Nxe4 Bc7 12. Bg5 Qe8 13. O-O Be6 14. Bxe6 Qxe6 15.
Be3 Nd7 16. f4 exf4 17. Bxf4 Bxf4 18. Rxf4 Qe5 19. Qc1 Rfe8 20. c3 c5 21. Qf1
Qd5 22. Qf3 Ne5 23. Nf6+ {Black resigns} 1-0

[Event "Team 45 45 League T63"]
[Site "Internet Chess Club"]
[Date "2014.12.05"]
[Round "2"]
[White "sharky123"]
[Black "Goli"]
[Result "1/2-1/2"]
[WhiteElo "1789"]
[BlackElo "1887"]
[Opening "Robatsch (modern) defense"]
[ECO "B06"]
[Time "16:30:38"]
[TimeControl "2700+45"]

1. e4 g6 2. d4 Bg7 3. Bc4 d6 4. Nc3 Nf6 5. Nf3 O-O 6. Be3 Ng4 7. Bg5 h6 8. Bh4
Nf6 9. Qd2 a6 10. O-O-O Nc6 11. e5 dxe5 12. dxe5 Qxd2+ 13. Rxd2 Ng4 14. Nd5
Ngxe5 15. Nxe5 Nxe5 16. Nxe7+ Kh7 17. Bb3 c5 18. c3 c4 19. Bc2 Be6 20. Nd5 Nd3+
21. Bxd3 Bxd5 22. Bxg6+ fxg6 23. Rxd5 Rf7 24. Re1 b5 25. Rd6 a5 26. Rb6 b4 27.
cxb4 axb4 28. Rxb4 Rxa2 29. Kb1 Rfa7 30. Rc1 Ra1+ 31. Kc2 R1a2 32. Rxc4 Rxb2+
33. Kd3 Rd7+ 34. Ke3 g5 35. Bg3 Re7+ 36. Re4 Rb3+ 37. Kd2 Rxe4 38. Rc7 Rb2+ 39.
Kd3 Rd4+ 40. Ke3 Rbd2 41. Rxg7+ Kxg7 42. Be5+ Kg6 43. Bxd4 Ra2 44. Kf3 h5 45.
Be3 Kf5 46. h3 g4+ 47. hxg4+ hxg4+ 48. Kg3 Ra3 49. Kh4 Ra1 50. Kg3 {Game drawn
by mutual agreement} 1/2-1/2

[Event "Team 45 45 League T63"]
[Site "Internet Chess Club"]
[Date "2014.12.09"]
[Round "2"]
[White "Duguesclin"]
[Black "Holzschlange"]
[Result "0-1"]
[WhiteElo "1646"]
[BlackElo "1820"]
[Opening "Queen's gambit declined"]
[ECO "D30"]
[Time "15:00:23"]
[TimeControl "2700+45"]

1. d4 d5 2. c4 e6 3. Nf3 c5 4. e3 Nc6 5. cxd5 exd5 6. Bb5 Nf6 7. O-O Be7 8. Ne5
Qc7 9. Nc3 O-O 10. f4 a6 11. Be2 Be6 12. Bf3 Rad8 13. g4 h6 14. g5 hxg5 15. fxg5
Ne4 16. h4 Nxe5 17. dxe5 Qxe5 18. Qe1 Bd6 19. Qe2 Ng3 20. Qg2 Nxf1 21. Kxf1 d4
22. exd4 Bc4+ 23. Ne2 cxd4 24. Kg1 Bxe2 25. Bxe2 Rfe8 26. Bf1 Rc8 27. b3 Rxc1
28. Rxc1 Qe3+ 29. Qf2 Qxc1 30. Qxd4 Bc5 {White resigns} 0-1

[Event "Team 45 45 League T63"]
[Site "Internet Chess Club"]
[Date "2014.12.06"]
[Round "2"]
[White "Warpdrive"]
[Black "BrerRabbit"]
[Result "1-0"]
[WhiteElo "1639"]
[BlackElo "1488"]
[Opening "Pirc: Ufimtsev-Pytel variation"]
[ECO "B07"]
[Time "19:01:29"]
[TimeControl "2700+45"]

1. e4 d6 2. d4 Nf6 3. Nc3 c6 4. Be3 Qb6 5. Rb1 Ng4 6. Bc1 e5 7. Nf3 Nd7 8. h3
Ngf6 9. Be3 Be7 10. dxe5 Qc7 11. exf6 Nxf6 12. Nd4 Bd7 13. Nf5 Bf8 14. Be2 O-O-O
15. O-O Kb8 16. Qd4 b6 17. Bf4 Bxf5 18. exf5 Qd7 19. Qd3 Kb7 20. Bf3 d5 21. Rfe1
Bc5 22. Re2 h6 23. Rbe1 Rdg8 24. Na4 Bb4 25. c3 Bf8 26. b4 c5 27. Nb2 cxb4 28.
c4 {Black resigns} 1-0